Map: Bel'Shir Vestige LE (Void)

Players

Fropez - Winner!

  • Race: Protoss Protoss
  • League: Platinum
  • Spawn Location: 5:00

OLEO

  • Race: Zerg Zerg
  • Spawn Location: 11:00

VOD

Have the link to the VOD?

Description

Time

  • Played on: Jan. 28, 2017, 6:41 p.m.
  • Length: 13:50
Show
View Real Time Build Order
Export as new Build Order

Fropez Protoss - Winner!

Build Orders:  

Get SALT Encoding   

  12  0:01  Probe (Chrono Boost)  
  13  0:11  Probe (Chrono Boost)  
  14  0:21  Pylon  
  14  0:25  Probe (Chrono Boost)  
  15  0:32  Assimilator  
  15  0:39  Probe (Chrono Boost)  
  17  0:50  Probe (Chrono Boost)  
  17  0:51  Gateway  
  17  1:00  Probe (Chrono Boost)  
  17  1:03  Pylon  
  18  1:11  Probe (Chrono Boost)  
  19  1:17  Gateway  
  19  1:21  Probe (Chrono Boost)  
  20  1:29  Pylon  
  20  1:32  Probe (Chrono Boost)  
  21  1:44  Gateway  
  21  1:46  Probe (Chrono Boost)  
  22  1:53  Assimilator  
  22  1:56  Probe (Chrono Boost)  
  23  2:12  Pylon  
  23  2:14  Pylon  
  23  2:18  Cybernetics Core  
  23  2:20  Probe (Chrono Boost)  
  26  2:54  Warp Gate  
  26  2:56  Nexus  
  24  3:01  Gateway  
  24  3:07  Gateway  
  26  3:14  Mothership Core (Chrono Boost)  
  26  3:26  Adept x2  
  30  3:35  Gateway  
  30  3:53  Adept x3  
  30  3:54  Adept  
  38  4:05  Pylon  
  38  4:09  Probe (Chrono Boost)  
  39  4:18  Twilight Council  
  39  4:20  Probe (Chrono Boost)  
  39  4:21  Probe (Chrono Boost)  
  41  4:30  Probe (Chrono Boost)  
  42  4:33  Probe (Chrono Boost)  
  43  4:41  Probe (Chrono Boost)  
  43  4:45  Probe (Chrono Boost)  
  45  4:56  Robotics Facility  
  45  4:58  Pylon  
  45  4:59  Probe (Chrono Boost)  
  47  5:00  Probe (Chrono Boost)  
  47  5:19  Stalker x3  
  47  5:20  Stalker  
  55  5:24  Assimilator x2  
  51  5:55  Resonating Glaives  
  45  6:02  Gateway  
  43  6:05  Gateway  
  43  6:07  Gateway  
  43  6:08  Warp Prism, Gateway  
  43  6:10  Probe (Chrono Boost), Gateway  
  45  6:11  Probe (Chrono Boost)  
  45  6:16  Pylon  
  47  6:23  Pylon  
  47  6:25  Pylon  
  47  6:31  Probe (Chrono Boost)  
  47  6:32  Probe (Chrono Boost)  
  49  6:37  Adept x3  
  55  6:41  Adept  
  61  7:01  Stalker x3  
  67  7:12  Pylon  
  67  7:13  Stalker x2  
  65  7:17  Immortal  
  59  7:28  Probe x2 (Chrono Boost)  
  60  7:31  Zealot  
  62  7:40  Probe x2 (Chrono Boost)  
  62  7:42  Adept  
  62  7:43  Adept x3  
  72  8:15  Probe (Chrono Boost)  
  72  8:16  Probe (Chrono Boost)  
  72  8:19  Immortal  
  74  8:22  Templar Archives  
  80  8:28  Probe x2 (Chrono Boost)  
  80  8:31  Pylon  
  80  8:33  Pylon  
  78  8:42  Adept x4  
  80  8:52  Adept x3  
  86  9:11  Adept x4  
  80  9:38  High Templar x3  
  80  9:39  High Templar x3  
  80  9:42  Archon x2  
  80  9:43  Archon  
  88  9:53  Gateway  
  88  9:55  Gateway  
  88  9:59  Zealot  
  84  10:29  Adept, Nexus  
  84  10:30  Adept x4  
  84  10:32  Pylon x2  
  82  11:00  Adept x4  
  82  11:01  Adept x5  
  102  11:04  Probe x2 (Chrono Boost)  
  92  11:16  Probe x2 (Chrono Boost)  
  80  11:35  Pylon  
  80  11:38  Pylon  
  78  11:41  Probe (Chrono Boost)  
  78  11:43  Probe x2 (Chrono Boost)  
  78  11:44  Forge  
  73  11:59  Probe (Chrono Boost)  
  73  12:00  Probe x2 (Chrono Boost)  
  76  12:06  Assimilator  
  76  12:08  Assimilator  
  76  12:10  Probe (Chrono Boost)  
  76  12:12  Pylon, Probe (Chrono Boost)  
  76  12:13  Probe (Chrono Boost)  
  75  12:21  High Templar x2  
  63  12:37  High Templar  
  63  12:38  High Templar x6  
  78  12:45  Probe (Chrono Boost)  
  78  12:46  Probe x2 (Chrono Boost)  
  80  12:52  Archon  
  80  12:53  Archon x2  
  80  12:55  High Templar  
  82  13:05  Archon  
  82  13:08  Nexus  
  82  13:10  Pylon  
  82  13:12  Pylon  
  82  13:16  Pylon  
  69  13:26  High Templar x5  
  70  13:27  High Templar  
  70  13:30  Archon x3  
  72  13:42  Zealot  
  72  13:43  Zealot x4  
Show
View Real Time Build Order
Export as new Build Order

OLEO Zerg 

Build Orders: Pool First 

Get SALT Encoding   

  12  0:02  Drone  
  13  0:12  Overlord  
  13  0:18  Drone  
  14  0:30  Drone  
  14  0:31  Drone  
  16  0:38  Drone  
  17  0:45  Drone  
  18  1:03  Extractor, Spawning Pool, Drone  
  17  1:06  Drone  
  18  1:28  Drone  
  18  1:29  Drone  
  18  1:31  Hatchery  
  19  1:39  Drone  
  20  1:57  Zergling x2  
  21  2:10  Zergling x2  
  22  2:17  Overlord  
  22  2:21  Hatchery  
  21  2:24  Zergling x2  
  21  2:34  Queen  
  23  2:37  Zergling x2  
  24  2:45  Drone x2  
  26  2:52  Queen  
  26  2:55  Drone  
  29  3:10  Queen  
  31  3:13  Metabolic Boost  
  31  3:18  Roach Warren  
  30  3:23  Drone  
  30  3:24  Drone x2  
  33  3:31  Drone  
  33  3:32  Drone x2  
  36  3:36  Drone  
  36  3:38  Drone  
  36  3:53  Overlord  
  36  3:54  Overlord  
  36  4:15  Drone x6  
  36  4:16  Drone x2  
  44  4:17  Drone  
  44  4:22  Queen  
  47  4:32  Hatchery  
  46  4:38  Roach  
  46  4:39  Roach x2  
  46  4:42  Overlord  
  50  5:08  Roach x4  
  50  5:12  Overlord x2  
  58  5:24  Lair  
  53  5:29  Roach x2  
  53  5:30  Roach x7  
  53  5:33  Roach  
  69  5:38  Roach  
  70  5:47  Roach  
  68  6:06  Drone x7  
  68  6:07  Drone x5  
  80  6:14  Overlord  
  80  6:23  Overlord  
  80  6:30  Glial Reconstitution  
  80  6:31  Queen  
  82  6:41  Drone  
  82  6:42  Drone x7  
  82  6:43  Drone  
  91  6:53  Extractor  
  90  6:55  Extractor  
  77  7:13  Roach x5  
  81  7:21  Roach  
  73  7:28  Roach  
  71  7:32  Zergling x12  
  71  7:33  Zergling x22  
  84  7:37  Extractor  
  84  7:39  Extractor, Drone x3  
  78  7:48  Roach  
  80  8:03  Roach  
  80  8:04  Roach x2  
  83  8:21  Roach x2  
  83  8:22  Overlord x3  
  83  8:23  Drone  
  83  8:26  Extractor  
  87  8:27  Extractor  
  86  8:36  Drone  
  86  8:37  Drone x8  
  83  8:58  Roach  
  86  9:10  Drone  
  86  9:13  Roach  
  86  9:14  Roach x8  
  91  9:19  Roach  
  91  9:24  Zergling x12  
  89  9:25  Zergling x14  
  89  9:29  Roach  
  98  9:40  Roach  
  100  9:48  Roach  
  100  9:49  Queen x3  
  100  9:51  Overlord x2  
  103  9:58  Drone  
  103  9:59  Drone x3  
  106  10:03  Drone  
  108  10:07  Drone x2  
  109  10:24  Drone, Spore Crawler  
  109  10:25  Drone  
  109  10:26  Spine Crawler  
  108  10:49  Roach  
  102  10:50  Roach x4  
  84  11:14  Roach x7  
  59  11:26  Roach  
  59  11:27  Roach  
  59  11:32  Roach  
  53  11:41  Roach  
  43  11:58  Roach  
  43  11:59  Roach  
  47  12:16  Roach x2  
  49  12:34  Drone x4  
  53  12:50  Drone  
  53  12:51  Drone x2  
  57  12:58  Drone  
  57  12:59  Drone  
  57  13:05  Drone  
Tags
 
Add a new tag
Caveats
  • Supply blocks, unpowered buildings, or Contaminate may cause inaccurate times.
  • Supply counts are checked every 10 seconds.